 Dungeon Crawl Stone Soup version 0.22.1-2-g9c5b331 (webtiles) character file.

117385 systemy the Executioner (level 16, -5/149 HPs)
             Began as a Minotaur Berserker on Dec 28, 2018.
             Was the Champion of Trog.
             Slain by a golden dragon simulacrum (19 damage)
             ... in an ice cave.
             The game lasted 01:30:27 (23464 turns).

systemy the Executioner (Minotaur Berserker)       Turns: 23464, Time: 01:30:27

Health: -5/149     AC: 33    Str: 28    XL:     16   Next: 23%
Magic:  15/15      EV: 10    Int: 13    God:    Trog [******]
Gold:   2964       SH:  8    Dex: 11    Spells: 15/15 levels left

rFire    . . .     SeeInvis +   X - +3 broad axe of Joabrus {flame, *Noise rElec rF- Int+9}
rCold    + . .     Gourm    .   e - +1 buckler of Ocso {rF+ MR- Slay+5}
rNeg     + . .     Faith    .   l - +3 plate armour {rPois}
rPois    +         Spirit   .   (helmet restricted)
rElec    +         Reflect  .   n - +2 cloak {MR+}
rCorr    .         Harm     .   S - +1 pair of gloves
MR       ++++.     Clarity  +   r - +1 pair of boots
Stlth    ..........             d - amulet of the Four Winds {rN+ MR+++ Clar}
HPRegen  0.34/turn              M - ring of see invisible
MPRegen  0.14/turn              C - +5 ring of protection

@: berserk cooldown, slowed, very slow
A: retaliatory headbutt, horns 2, cold resistance 1, deterioration 1
a: Berserk, Trog's Hand, Brothers in Arms, Renounce Religion


You were in an ice cave.
You worshipped Trog.
Trog was exalted by your worship.
You were near starving.

You visited 4 branches of the dungeon, and saw 26 of its levels.
You also visited: Labyrinth, Ossuary and Ice Cave.

You collected 3601 gold pieces.
You spent 637 gold pieces at shops.

Inventory:

Hand Weapons
 h - a +7 antimagic war axe
 X - the +3 broad axe of Joabrus (weapon) {flame, *Noise rElec rF- Int+9}
   (Trog gifted it to you on level 5 of the Lair of Beasts)

   It has been specially enchanted to burn those struck by it, causing extra
   injury to most foes and up to half again as much damage against particularly
   susceptible opponents.
   Big, fiery blades are also staple armaments of hydra-hunters.
   It affects your intelligence (+9).
   It makes you vulnerable to fire.
   It insulates you from electricity.
   It may make noises in combat.
Armour
 a - a +0 shield
 e - the +1 buckler of Ocso (worn) {rF+ MR- Slay+5}
   (You found it on level 14 of the Dungeon)

   It affects your accuracy and damage with ranged weapons and melee attacks
   (+5).
   It protects you from fire.
   It affects your resistance to hostile enchantments.
 l - a +3 plate armour of poison resistance (worn)
 n - a +2 cloak of magic resistance (worn)
 r - a +1 pair of boots (worn)
 F - a +0 large shield
 I - +0 swamp dragon scales
 S - a +1 pair of gloves (worn)
Jewellery
 d - the amulet of the Four Winds (around neck) {rN+ MR+++ Clar}
   (You bought it in a shop on level 2 of the Orcish Mines)

   [amulet of nothing]

   It protects you from negative energy.
   It affects your resistance to hostile enchantments.
   It protects you against confusion.
 m - an uncursed ring of fire
 s - an uncursed ring of protection from magic
 A - a +5 ring of intelligence {unknown}
 C - a +5 ring of protection (right hand)
 G - a +1 ring of protection
 M - a ring of see invisible (left hand)
Wands
 y - a wand of digging (13)
 K - a wand of acid (7)
Scrolls
 b - 3 scrolls of torment {unknown}
 f - 5 scrolls of enchant armour
 k - a scroll of identify
 p - a scroll of fear
 q - a scroll of silence {unknown}
 t - 11 scrolls of teleportation
 v - 11 scrolls of remove curse
 w - 5 scrolls of magic mapping
 E - 2 scrolls of enchant weapon
 H - 3 scrolls of blinking
Potions
 g - 10 potions of curing
 j - 7 potions of heal wounds
 o - 3 potions of resistance
 u - 4 potions of might
 x - 4 potions of lignification
 z - 6 potions of haste
 D - 4 potions of flight
 J - a potion of brilliance
 N - 2 potions of cancellation
 P - a potion of berserk rage
 Q - 3 potions of agility
Miscellaneous
 i - a lamp of fire
 B - a fan of gales
 V - a lamp of fire
Comestibles
 c - 27 rations


   Skills:
 + Level 15.5 Fighting
 * Level 21.3 Axes
 + Level 14.5 Armour
 + Level 3.9 Dodging
 + Level 14.9 Shields


You had 15 spell levels left.
You didn't know any spells.
Your spell library was empty.

Dungeon Overview and Level Annotations

Branches:
Dungeon (15/15)            Temple (0/1) D:5            Lair (6/6) D:9
  Swamp (3/4) Lair:3       Spider (0/4) Lair:4        Slime (0/5) Lair:5
    Orc (2/2) D:12            Elf (0/3) Orc:2        Vaults (0/5) D:13
 Depths (0/5) D:15

Altars:
Makhleb
Nemelex Xobeh
Okawaru
Sif Muna
Beogh
Jiyva

Shops:
Orc:2 ([(*%}%=

Portals:
Trove: D:14 (give 7 potions of agility)

Annotations:
D:9 exclusion: obsidian statue
Lair:2 exclusion: oklob plant


Innate Abilities, Weirdness & Mutations

You reflexively headbutt those who attack you in melee.
You have a pair of horns on your head.
Your flesh is cold resistant. (rC+)
Your body sometimes deteriorates upon taking damage.


Message History

The ice devil closely misses you. You furiously retaliate!
You headbutt the ice devil.
The golden dragon simulacrum barely misses you.
You furiously retaliate!
You headbutt the golden dragon simulacrum!
The golden dragon simulacrum claws you.
* * * LOW HITPOINT WARNING * * *
The golden dragon simulacrum freezes you!!
You resist.
* * * LOW HITPOINT WARNING * * *
The golden dragon simulacrum barely misses you.
The ice devil hits you but does no damage.
The polar bear simulacrum bites you but does no damage.
The polar bear simulacrum claws you but does no damage. x2
The spriggan simulacrum barely misses you.
Your troll bites the golden dragon simulacrum.
Your troll barely misses the golden dragon simulacrum.
Your troll claws the golden dragon simulacrum!!
The golden dragon simulacrum bites you!!
You die...

## #. #.##
#.Z##
#Z.4##
#$.#Z@.# ##
#.T.# #.#
##..#
.Z#≈## #..#
##≈≈#≈ ##.#
#≈≈≈≈≈ ##.#
#≈≈≈≈≈##.##
≈≈≈≈≈≈≈#.#
≈≈≈≈≈§≈≈##


You could see an ice devil, a polar bear simulacrum, a golden dragon simulacrum,
a spriggan simulacrum and a friendly troll (berserk).

Vanquished Creatures
  Rupert (D:14)
  Gastronok (Lair:1)
  A thorn hunter (Swamp:1)
  An orc warlord (Orc:2)
  A minotaur (Lab)
  A dire elephant (D:15)
  A fire dragon (Lair:6)
  Josephine (D:14)
  A blizzard demon (IceCv)
  A vault guard (D:13)
  17 hydras
  2 two-headed ogres
  5 centaur warriors
  5 alligators
  4 death yaks (Lair:4)
  3 orc high priests (Orc:2)
  4 skeletal warriors (D:12)
  26 slime creatures
  2 unseen horrors
  A spriggan druid (Swamp:2)
  A swamp dragon (Swamp:1)
  A wizard (D:13)
  4 shambling mangroves
  2 lindwurms (Lair:6)
  A deep elf mage (D:14)
  An orc knight (Orc:2)
  3 wolf spiders
  2 orc sorcerers (Orc:2)
  5 manticores
  5 cyclopes
  8 ugly things
  5 torpor snails (Lair:6)
  A black mamba (Lair:6)
  An ice statue (IceCv)
  15 spiny frogs
  A spiny frog (shapeshifter) (D:15)
  3 yaktaurs (D:15)
  2 gargoyles
  An efreet (D:9)
  An ice devil (IceCv)
  9 komodo dragons
  4 rime drakes
  4 freezing wraiths
  3 minotaur skeletons (Lab)
  10 trolls
  A tengu conjurer (D:15)
  2 anaconda simulacra (IceCv)
  A golden dragon simulacrum (IceCv)
  3 meliai (D:15)
  A jumping spider (Lair:4)
  A polar bear (Lair:4)
  19 hornets
  8 blink frogs (Lair:6)
  9 tyrant leeches
  19 hippogriffs
  13 dream sheep (Lair:6)
  3 bog bodies
  2 shadows
  2 redbacks
  9 wyverns
  3 wraiths (D:14)
  3 dire elephant simulacra (IceCv)
  11 yaks
  A vampire (D:5)
  4 spriggans
  Sigmund (D:3)
  A human (D:8)
  Grum (Lair:1)
  A hog (shapeshifter) (D:9)
  6 hungry ghosts
  A water elemental (D:15)
  2 steam dragons
  6 basilisks
  4 hogs (D:8)
  9 vampire mosquitoes
  The ghost of Lidrolic the Shield-Bearer, an amateur HuFi (D:3)
  3 wargs
  3 harpy simulacra (IceCv)
  9 swamp worms
  9 insubstantial wisps
  An iron troll simulacrum (IceCv)
  2 hell hounds (Lair:5)
  7 water moccasins
  An acid dragon (D:13)
  6 porcupines
  2 hydra simulacra (IceCv)
  2 swamp drakes
  3 phantoms
  21 orc warriors
  2 eyes of draining
  A sky beast (D:11)
  An ettin simulacrum (IceCv)
  9 ogres
  4 ice beasts
  An alligator simulacrum (IceCv)
  12 wolves
  17 centaurs
  12 crocodiles
  2 big kobolds
  A wyvern zombie (D:9)
  18 bullfrogs
  2 water moccasin zombies (Ossuary)
  4 scorpions
  8 wights
  6 howler monkeys
  A spriggan skeleton (Lab)
  3 electric eels
  5 crimson imps
  A bullfrog zombie (D:6)
  17 jellies
  4 bullfrog skeletons
  A draconian simulacrum (IceCv)
  20 orc priests
  Crazy Yiuf (D:3)
  4 centaur skeletons
  7 hounds
  24 orc wizards
  Ijyb (D:5)
  7 iguanas
  4 hell rats (Lair:2)
  A spriggan simulacrum (IceCv)
  8 worker ants
  2 troll simulacra (IceCv)
  2 big kobold zombies (Ossuary)
  2 centaur simulacra (IceCv)
  3 hound skeletons
  2 mummies (Ossuary)
  A worker ant zombie (D:8)
  11 gnolls
  16 adders
  2 naga simulacra (IceCv)
  3 ogre simulacra (IceCv)
  5 shadow imps
  8 white imps (IceCv)
  8 ufetubi (IceCv)
  13 oozes
  2 adder skeletons
  3 adder zombies (Ossuary)
  4 worms
  3 dart slugs
  5 leopard geckos
  86 orcs
  2 ball pythons (D:2)
  A bat skeleton (D:2)
  A giant cockroach (D:1)
  5 gnoll zombies (Ossuary)
  8 goblins
  7 hobgoblins
  12 jackals
  16 kobolds
  3 quokkas
  4 bats
  4 frilled lizards
  6 hobgoblin zombies (Ossuary)
  A jackal skeleton (D:2)
  5 kobold zombies (Ossuary)
  A leopard gecko skeleton (D:7)
  4 orc zombies (Ossuary)
  A quokka skeleton (D:7)
  12 rats
  A fungus (Lair:5)
  6 plants
879 creatures vanquished.

Vanquished Creatures (collateral kills)
  An orc high priest (Orc:2)
  A rime drake (Lair:5)
  A hornet (Swamp:1)
  A hippogriff (Lair:5)
  2 spriggans (Swamp:1)
  A basilisk (Lair:5)
  A swamp worm (Swamp:2)
  A warg (Orc:2)
  4 orc warriors (Orc:2)
  3 orc priests (Orc:2)
  2 orc wizards (Orc:2)
  4 orcs (Orc:2)
22 creatures vanquished.

Vanquished Creatures (others)
  A hornet (Swamp:1)
  A hound (D:14)
  2 ufetubi (IceCv)
  6 fungi (Lair:2)
  3 plants
13 creatures vanquished.

Grand Total: 914 creatures vanquished

Notes
Turn   | Place    | Note
-------+----------+-------------------------------------------
     0 | D:1      | systemy the Minotaur Berserker began the quest for the Orb.
     0 | D:1      | Reached XP level 1. HP: 19/19 MP: 0/0
    40 | D:1      | Reached skill level 4 in Axes
    40 | D:1      | Reached XP level 2. HP: 12/27 MP: 1/1
   358 | D:1      | Reached XP level 3. HP: 32/33 MP: 2/2
   521 | D:1      | Reached ** piety under Trog
   888 | D:2      | Reached skill level 5 in Axes
  1009 | D:2      | Reached XP level 4. HP: 19/41 MP: 3/3
  1355 | D:3      | Found a runed door.
  1359 | D:3      | Noticed Crazy Yiuf
  1365 | D:3      | Killed Crazy Yiuf
  1475 | D:3      | Reached XP level 5. HP: 36/47 MP: 4/4
  1491 | D:3      | Reached skill level 6 in Axes
  1509 | D:3      | Noticed Sigmund
  1516 | D:3      | Killed Sigmund
  1516 | D:3      | Reached *** piety under Trog
  1516 | D:3      | Reached skill level 7 in Axes
  1516 | D:3      | Reached XP level 6. HP: 55/55 MP: 5/5
  1796 | D:3      | Found a runed gate.
  1796 | D:3      | Found a runed gate.
  1797 | D:3      | Found a runed gate.
  1800 | D:3      | Found a roughly hewn altar of Beogh.
  1801 | D:3      | Noticed Lidrolic's ghost (amateur HuFi)
  1808 | D:3      | Reached skill level 5 in Fighting
  1814 | D:3      | Killed Lidrolic's ghost
  1814 | D:3      | Reached skill level 8 in Axes
  2016 | D:4      | Reached XP level 7. HP: 61/61 MP: 6/6
  2459 | D:4      | Found a sand-covered staircase.
  2464 | Ossuary  | Entered an ossuary
  2475 | Ossuary  | Reached **** piety under Trog
  2508 | Ossuary  | Reached skill level 9 in Axes
  2941 | D:5      | Entered Level 5 of the Dungeon
  2971 | D:5      | Found a staircase to the Ecumenical Temple.
  2974 | D:5      | Noticed Ijyb
  2979 | D:5      | Killed Ijyb
  2979 | D:5      | Reached skill level 10 in Axes
  2979 | D:5      | Reached XP level 8. HP: 54/70 MP: 7/7
  3089 | D:5      | Reached ***** piety under Trog
  3308 | D:5      | Received a gift from Trog
  3423 | D:6      | Reached skill level 11 in Axes
  3520 | D:6      | Reached skill level 5 in Armour
  3865 | D:6      | Found a burning altar of Makhleb.
  4124 | D:6      | Gained mutation: Your body sometimes deteriorates upon
                  | taking damage. [potion of mutation]
  4124 | D:6      | Gained mutation: Your flesh is cold resistant. (rC+)
                  | [potion of mutation]
  4136 | D:6      | Identified a scroll of acquirement
  4278 | D:7      | Received a gift from Trog
  4299 | D:7      | Reached skill level 12 in Axes
  4320 | D:7      | Lost intelligence.
  4325 | D:7      | Reached XP level 9. HP: 31/78 MP: 8/8
  4555 | D:7      | Paralysed by a hornet for 3 turns
  4815 | D:7      | Found a sparkling altar of Nemelex Xobeh.
  4818 | D:7      | Lost intelligence.
  4911 | D:7      | Lost intelligence.
  5507 | D:8      | Noticed a two-headed ogre
  5513 | D:8      | HP: 1/117 [two-headed ogre/giant club (8)]
  5514 | D:8      | Killed a two-headed ogre
  5514 | D:8      | Reached skill level 13 in Axes
  5871 | D:8      | Reached XP level 10. HP: 88/88 MP: 9/9
  5982 | D:8      | Reached skill level 14 in Axes
  5987 | D:8      | Reached skill level 1 in Shields
  6390 | D:9      | Found an iron altar of Okawaru.
  6452 | D:9      | Found a deep blue altar of Sif Muna.
  6602 | D:9      | Noticed an obsidian statue
  6627 | D:9      | Reached skill level 15 in Axes
  7045 | D:9      | Reached XP level 11. HP: 71/95 MP: 10/10
  7047 | D:9      | Found a staircase to the Lair.
  7559 | D:10     | Entered Level 10 of the Dungeon
  7588 | D:10     | Received a gift from Trog
  7713 | D:10     | Reached skill level 16 in Axes
  7788 | D:10     | Found a deep blue altar of Sif Muna.
  8402 | D:11     | Killed an unseen horror
  8473 | D:11     | Noticed a purple ugly thing
  8479 | D:11     | Killed a purple ugly thing
  8490 | D:11     | Reached skill level 5 in Shields
  8557 | D:11     | Noticed a five-headed hydra
  8566 | D:11     | Killed a ten-headed hydra
  8857 | D:12     | Noticed a skeletal warrior
  8857 | D:12     | Noticed a skeletal warrior
  8857 | D:12     | Noticed a skeletal warrior
  8859 | D:12     | Noticed a skeletal warrior
  8869 | D:12     | Killed a skeletal warrior
  8871 | D:12     | Killed a skeletal warrior
  8876 | D:12     | Killed a skeletal warrior
  8883 | D:12     | Killed a skeletal warrior
  9350 | D:12     | Reached skill level 17 in Axes
  9350 | D:12     | Reached skill level 10 in Armour
  9350 | D:12     | Reached XP level 12. HP: 106/106 MP: 11/11
  9578 | D:12     | Found a staircase to the Orcish Mines.
  9887 | D:13     | Reached skill level 10 in Fighting
  9996 | D:13     | Noticed a centaur warrior
 10010 | D:13     | Killed a centaur warrior
 10105 | D:13     | Reached ****** piety under Trog
 10188 | D:13     | Noticed a centaur warrior
 10194 | D:13     | Killed a centaur warrior
 10200 | D:13     | Noticed a vault guard
 10210 | D:13     | Killed a vault guard
 10210 | D:13     | Noticed a two-headed ogre
 10225 | D:13     | Killed a two-headed ogre
 10385 | D:13     | Found a gate to the Vaults.
 10663 | D:14     | Found a portal to a secret trove of treasure.
 10824 | D:14     | Reached skill level 18 in Axes
 10824 | D:14     | Reached skill level 10 in Shields
 10824 | D:14     | Reached XP level 13. HP: 104/116 MP: 12/12
 11024 | D:14     | Noticed Josephine
 11038 | D:14     | Killed Josephine
 11293 | D:14     | Noticed Rupert
 11311 | D:14     | Killed Rupert
 11410 | D:14     | Got a faintly humming buckler
 11411 | D:14     | Identified the +1 buckler of Ocso {rF+ MR- Slay+5} (You
                  | found it on level 14 of the Dungeon)
 11466 | D:15     | Entered Level 15 of the Dungeon
 11688 | D:15     | Received a gift from Trog
 11744 | D:15     | Found a staircase to the Depths.
 11745 | D:15     | Noticed a dire elephant
 11749 | D:15     | Killed a dire elephant
 12884 | Lair:1   | Entered Level 1 of the Lair of Beasts
 12884 | Lair:1   | Noticed Gastronok
 12892 | Lair:1   | Killed Gastronok
 12948 | Lair:1   | Noticed Grum
 12966 | Lair:1   | Killed Grum
 12974 | Lair:1   | Reached XP level 14. HP: 117/127 MP: 13/13
 13831 | Lair:2   | Reached skill level 19 in Axes
 14100 | Lair:2   | Received a gift from Trog
 14325 | Lair:3   | Found a labyrinth entrance.
 14357 | Lab      | Entered a labyrinth
 15171 | Lair:3   | Found a staircase to the Swamp.
 15726 | Lair:4   | Got an ancient buckler
 15797 | Lair:4   | Found a hole to the Spider Nest.
 16759 | Lair:5   | Found a viscous altar of Jiyva.
 16760 | Lair:5   | Found a staircase to the Slime Pits.
 16973 | Lair:5   | Received a gift from Trog
 16987 | Lair:5   | Got a dazzling broad axe {god gift}
 16990 | Lair:5   | Identified the +3 broad axe of Joabrus {flame, *Noise rElec
                  | rF- Int+9} (Trog gifted it to you on level 5 of the Lair of
                  | Beasts)
 17318 | Lair:6   | Entered Level 6 of the Lair of Beasts
 17873 | Lair:6   | Reached XP level 15. HP: 137/137 MP: 14/14
 17932 | Lair:6   | Found a runed door.
 18079 | Lair:6   | Reached skill level 20 in Axes
 18083 | Lair:6   | Received a gift from Trog
 18086 | Lair:6   | Identified Xalareth's Handbook of Feathers
 18687 | Orc:1    | Entered Level 1 of the Orcish Mines
 19347 | Orc:2    | Entered Level 2 of the Orcish Mines
 19347 | Orc:2    | Found Zilaom's Gadget Emporium.
 19349 | Orc:2    | Found a staircase to the Elven Halls.
 19435 | Orc:2    | Found Bigruh's Food Emporium.
 19465 | Orc:2    | Received a gift from Trog
 19569 | Orc:2    | Found Jeol's Weapon Emporium.
 19573 | Orc:2    | Identified the +1 buckler of the Peasants {-Tele rPois
                  | rF+++ Slay-3} (You found it on level 4 of the Lair of
                  | Beasts)
 19647 | Orc:2    | Noticed an orc warlord
 19667 | Orc:2    | Killed an orc warlord
 19746 | Orc:2    | Found Boemnitre's Jewellery Shop.
 19763 | Orc:2    | Bought the amulet of the Four Winds {rN+ MR+++ Clar} for
                  | 614 gold pieces
 19763 | Orc:2    | Found the amulet of the Four Winds {rN+ MR+++ Clar}
 19908 | Orc:2    | Received a gift from Trog
 19914 | Orc:2    | Found Igaw Sajad's Assorted Antiques.
 19914 | Orc:2    | Found Basuc's Food Emporium.
 19914 | Orc:2    | Found Soshrur's Antique Weapon Shoppe.
 19950 | Orc:2    | Found Hasuvuic's Armour Shoppe.
 19955 | Orc:2    | Bought a scroll labeled GIEPEF QALE for 23 gold pieces
 20532 | Swamp:1  | Entered Level 1 of the Swamp
 20686 | Swamp:1  | Noticed a thorn hunter
 20704 | Swamp:1  | Killed a thorn hunter
 21192 | Swamp:1  | Reached skill level 15 in Fighting
 21812 | Swamp:2  | Received a gift from Trog
 22090 | Swamp:2  | Reached skill level 21 in Axes
 22090 | Swamp:2  | Reached XP level 16. HP: 149/149 MP: 15/15
 22834 | Swamp:3  | Found a frozen archway.
 22845 | IceCv    | Entered an ice cave
 22968 | IceCv    | Received a gift from Trog
 23464 | IceCv    | Slain by a golden dragon simulacrum

Skill      XL: |  1  2  3  4  5  6  7  8  9 10 11 12 13 14 15 |
---------------+----------------------------------------------+-----
Axes           | 4 5 7 8 10 12 13 15 17 18 19 21 | 21.3
Fighting       | 4 5 6 7 8 9 11 12 13 15 | 15.5
Armour         | 3 4 5 7 8 10 12 13 14 | 14.5
Shields        | 3 7 10 12 13 14 | 14.9
Dodging        | 3 |  3.9

Action                   |  1- 3 |  4- 6 |  7- 9 | 10-12 | 13-15 | 16-18 || total
-------------------------+-------+-------+-------+-------+-------+-------++-------
Melee: Hand axe          |   110 |    61 |       |       |       |       ||   171
       Headbutt          |    15 |    18 |    53 |   121 |   241 |    25 ||   473
       War axe           |       |    17 |   299 |   518 |   440 |       ||  1274
       Broad axe         |       |       |       |       |   558 |   150 ||   708
Invok: Berserk           |       |     2 |     3 |    11 |    23 |     1 ||    40
       Trog's Hand       |       |       |     2 |       |     5 |       ||     7
       Brothers in Arms  |       |       |       |       |     5 |     1 ||     6
Evoke: Wand              |       |       |     1 |       |       |       ||     1
       Fan of gales      |       |       |       |       |     1 |       ||     1
  Use: Scroll            |       |       |     9 |    11 |    10 |     1 ||    31
       Potion            |       |       |    12 |       |     3 |     1 ||    16
 Stab: Distracted        |       |       |       |       |     2 |       ||     2
       Invisible         |       |       |       |       |    11 |       ||    11
  Eat: Chunk             |       |     6 |    11 |    26 |    50 |     1 ||    94
       Ration            |       |       |     2 |     2 |     4 |     1 ||     9
Armor: Plate armour      |    57 |    41 |   180 |   230 |   560 |   110 ||  1178
       Skin              |       |       |    29 |       |       |       ||    29
Dodge: Dodged            |    42 |    30 |    95 |   103 |   270 |    63 ||   603
Block: Buckler           |       |       |    14 |    18 |   298 |    62 ||   392
       Shield            |       |       |       |   125 |    57 |       ||   182
